 Dungeon Crawl Stone Soup version 0.31-a0-1074-g0b22e4e0f1 (webtiles) character file.

Game seed: 4159036981998662249

64657 avis the Metamorph (level 14, -6/73 HPs)
             Began as a Felid Shapeshifter on Nov 27, 2023.
             Was an Initiate of Gozag.
             Mangled by an orc knight
             ... wielding a +0 war axe
              (23 damage)
             ... on level 2 of the Orcish Mines on Nov 28, 2023.
             The game lasted 02:43:49 (28803 turns).

avis the Metamorph (Felid Shapeshifter)            Turns: 28803, Time: 02:43:50

Health: -6/73      AC: 13    Str: 10    XL:     14   Next: 72%
Magic:  17/22      EV: 25    Int: 15    God:    Gozag
Gold:   3691       SH:  0    Dex: 14    Spells: 18/23 levels left
                                        Lives:  0   Deaths: 5

rFire   + .          .
                       - Unarmed
rCold   . . .        (shield unavailable)
rNeg    . . .        (body armour unavailable)
rPois   +            (helmet unavailable)
rElec   +            (cloak unavailable)
rCorr   .            (gloves unavailable)
SInv    +            (boots unavailable)
Will    ++++.        (no amulet)
Stlth   +            h - ring of the Invisible Hand {rElec rPois Will+ AC+4 Dex-3}
HPRegen 0.32/turn    u - ring "Jobir" {Fire Will+}
MPRegen 0.18/turn

%: no passive effects
@: ice-armoured, blade hands, wereblooded, studying Fighting, quick
A: very small, (claws 1), fangs 3, see invisible, speed 1, shaggy fur 3,
(stealthy paws), no weapons or thrown items, no armour, multi-lived
a: Begin Untransformation, Renounce Religion, Potion Petition, Call Merchant,
Bribe Branch


You were on level 2 of the Orcish Mines.
You worshipped Gozag.
Gozag was most pleased with you.
You had blades for front paws.
You visited 4 branches of the dungeon, and saw 20 of its levels.
You also visited: Gauntlet.

You collected 5884 gold pieces.
You spent 650 gold pieces at shops.
You paid 1543 gold pieces to Gozag.

Inventory:

Jewellery
 a - a +6 ring of dexterity
 c - a ring of ice
 h - the ring of the Invisible Hand (left blade hand) {rElec rPois Will+ AC+4 Dex-3}
   (You took it off a minotaur in a Gauntlet)

   [ring of protection]

   AC+4:      It affects your AC (+4).
   Dex-3:     It affects your dexterity (-3).
   rElec:     It insulates you from electricity.
   rPois:     It protects you from poison Will+: It increases your willpower.
 p - a ring of protection from fire
 q - a ring of wizardry
 t - a +6 ring of strength
 u - the ring "Jobir" (right blade hand) {Fire Will+}
   (You found it in a Gauntlet)

   [ring of fire]

   Fire:      It enhances your fire magic.
   rF+:       It protects you from fire.
   rC-:       It makes you vulnerable to cold.
   Will+:     It increases your willpower.
 B - a +5 ring of evasion
 E - a ring of poison resistance
Talismans
 l - a blade talisman (active)
 s - a serpent talisman
Wands
 j - a wand of polymorph (13)
 r - a wand of acid (8)
 v - a wand of flame (13)
 A - a wand of charming (16)
 D - a wand of iceblast (13)
 L - a wand of mindburst (7)
Scrolls
 b - 2 scrolls of blinking
 e - a scroll of enchant weapon
 f - 2 scrolls of vulnerability
 g - 9 scrolls of teleportation
 k - 2 scrolls of fog
 m - a scroll of summoning {unknown}
 n - a scroll of immolation
 y - 2 scrolls of fear
 z - a scroll of identify
Potions
 d - a potion of attraction
 i - 2 potions of enlightenment
 o - 4 potions of brilliance
 w - a potion of haste
 x - 4 potions of resistance
 C - a potion of cancellation
 F - 2 potions of curing
 J - a potion of might
 K - a potion of berserk rage
Miscellaneous
 H - a condenser vane


   Skills:
 - Level 15.0 Fighting
 - Level 15.0 Dodging
 - Level 10.0 Unarmed Combat
 - Level 5.0 Spellcasting
 - Level 2.0 Transmutations
 - Level 7.0 Ice Magic
 * Level 16.0 Shapeshifting


You had 18 spell levels left.
You knew the following spells:

 Your Spells              Type           Power      Damage    Failure   Level
e - Wereblood             Tmut           9%         N/A       11%         2
o - Ozocubu's Armour      Ice            24%        N/A       2%          3

Your spell library contained the following spells:

 Spells                   Type           Power      Damage    Failure   Level
 Ensorcelled Hibernation  Hex/Ice        28%        N/A       6%          2
 Sting                    Tmut/Pois      24%        1d4       11%         1
 Poisonous Vapours        Pois/Air       6%         N/A       24%         2
 Dazzling Flash           Conj/Hex       6%         N/A       43%         3
 Tukima's Dance           Hex            3%         N/A       43%         3
 Metabolic Englaciation   Hex/Ice        7%         N/A       71%         5
 Anguish                  Hex/Necr       1%         N/A       85%         4
 Brom's Barrelling Bould  Conj/Erth      3%         2d3       85%         4
 Olgreb's Toxic Radiance  Pois           3%         N/A       85%         4
 Passage of Golubria      Tloc           3%         N/A       85%         4
 Irradiate                Conj/Tmut      3%         3d12      96%         5
 Yara's Violent Unravell  Hex/Tmut       3%         3d4       96%         5
 Agony                    Necr           3%         N/A       99%         5
 Fireball                 Conj/Fire      2%         3d4       99%         5
 Iskenderun's Battlesphe  Conj           3%         2d6       99%         5
 Silence                  Hex/Air        1%         N/A       99%         5
 Summon Forest            Summ/Tloc      1%         N/A       99%         5
 Summon Mana Viper        Hex/Summ       3%         N/A       99%         5
 Conjure Ball Lightning   Conj/Air       1%         3x3d6     100%        6
 Summon Cactus Giant      Summ           1%         N/A       100%        6
 Malign Gateway           Summ/Tloc      1%         N/A       100%        7
 Orb of Destruction       Conj           1%         9d5       100%        7
 Summon Horrible Things   Summ           1%         N/A       100%        8
 Dimensional Bullseye     Hex/Tloc       Unusable   N/A       N/A         4
 Simulacrum               Ice/Necr       Unusable   N/A       N/A         6

Dungeon Overview and Level Annotations

Branches:
Dungeon (12/15)            Temple (1/1) D:4            Lair (5/5) D:9
  Swamp (0/4) Lair:2       Spider (0/4) Lair:3        Slime (0/5) Lair:5
    Orc (2/2) D:12        Gauntlet (visited)
    Elf: Orc:2

Altars:
Ashenzari
Cheibriados
Dithmenos
Elyvilon
Fedhas
Gozag
Hepliaklqana
Kikubaaqudgha
Makhleb
Nemelex Xobeh
Okawaru
Qazlal
Ru
Sif Muna
Trog
Uskayaw
Vehumet
Wu Jian
Xom
Yredelemnul
Zin
The Shining One

Shops:
D:4 =   D:6 ?   Lair:1 !   Lair:5 :

Annotations:
D:10 Can't reach some places
D:12 1 runed translucent door, Xidur's ghost, journeyman DEHW
Lair:5 Can't reach some places.
Orc:1 3 runed translucent doors, Ateuggeph's ghost, journeyman FeSh


Innate Abilities, Weirdness & Mutations

You have blades for front paws.
((You have sharp claws.))
You have razor-sharp teeth.
You have supernaturally acute eyesight. (SInv)
You cover ground quickly. (Speed+)
Your thick and shaggy fur keeps you warm. (AC +3, rC+)
((Your paws help you pounce on unaware monsters.))
You are incapable of wielding weapons or throwing items.
You cannot wear armour.
You gain extra lives every three experience levels.


Message History

The warg misses you. The orc knight completely misses you.
The orc completely misses you.
The orc knight hits you with a +0 dire flail!
The warg barely misses you.
The orc wizard points at you and mumbles some strange words.
The puff of flame hits you but does no damage.
You resist.
The orc knight hits you with a +0 dire flail!
The orc knight hits you with a +0 war axe!
There is a stone staircase leading down, spattered with blood here.
The warg closely misses you. The orc barely misses you.
The orc wizard completely misses you. The orc warrior completely misses you.
The orc knight hits you with a +0 war axe.
The orc knight closely misses you. The orc completely misses you.
You climb downwards.
There is a stone staircase leading up here.
Casting: Wereblood (safe; 11% risk of failure)
Confirm with . or Enter, or press ? or * to list all spells.
A film of ice covers your body! The warg completely misses you.
The orc knight roars a battlecry!
The orcs go into a battle-frenzy!
The orc wizard hits you but does no damage.
The orc knight hits you but does no damage.
The orc completely misses you. The orc warrior closely misses you.
Casting: Ozocubu's Armour (mildly dangerous; 2% risk of failure)
Confirm with . or Enter, or press ? or * to list all spells.
Your blood is infused with primal strength.
The warg barely misses you.
The orc knight hits you with a +0 dire flail!
* * * LOW HITPOINT WARNING * * *
The orc wizard hits you but does no damage.
The orc warrior closely misses you. The orc misses you.
The orc knight hits you with a +0 war axe.
* * * LOW HITPOINT WARNING * * *
The warg misses you.
You feel better. The warg barely misses you.
The orc knight completely misses you. The orc wizard closely misses you.
The orc knight hits you with a +0 war axe!!
You die...
Your body crumbles into a pile of gold.

.... #.........####
....# #....###...#.##
#....##.....##......###
#...#.....##.........#
#.........###......###
#.......###......#..#
##...............#.##
###.o.o.........###
##o@o.........#
##oh........##
#........###
###.......###
#..........#.##
............<....##
.......###........##
#...... #.........##
#...... ##[........#


You could see 2 orc knights, a warg, an orc warrior (strong), an orc wizard
(strong) and an orc (strong).

Vanquished Creatures
  A minotaur (Gauntlet)
  A blizzard demon (Gauntlet)
  A fire dragon (Lair:5)
  Erolcha (Orc:2)
  9 hydras
  A boulder beetle (Lair:3)
  A centaur warrior (D:12)
  9 two-headed ogres
  Urug (Lair:2)
  A fire crab (Lair:5)
  A bog body (Lair:2)
  A deep elf pyromancer (D:12)
  An orc sorcerer (Orc:1)
  2 cyclopes
  An ugly thing (D:11)
  An oklob plant (Gauntlet)
  5 black mambas
  9 elephants
  2 molten gargoyles (Lair:5)
  9 cane toads
  2 torpor snails
  A gargoyle (D:12)
  An unseen horror (D:11)
  2 kobold demonologists (D:6)
  4 rime drakes
  14 komodo dragons
  3 meliai (D:12)
  A troll (D:9)
  6 polar bears
  A merfolk (D:10)
  Grinder (D:3)
  A hornet (D:6)
  20 blink frogs
  14 dream sheep
  A ynoxinul (Gauntlet)
  A vampire (D:10)
  3 wraiths
  9 wyverns
  64 yaks
  Eustachio (D:3)
  6 basilisks
  4 steam dragons
  8 vampire mosquitoes (D:12)
  3 acid dragons
  2 wargs
  9 water moccasins
  2 hell hounds (Lair:5)
  3 ice beasts
  11 orc warriors
  6 wolves (Lair:2)
  4 ogres
  6 black bears
  5 centaurs
  2 phantoms (D:6)
  Blork the orc (Orc:1)
  2 gnoll sergeants
  8 kobold brigands
  15 bullfrogs
  15 scorpions
  8 wights
  An electric eel (Lair:5)
  7 howler monkeys
  5 lava snakes (Lair:5)
  4 jellies
  3 hounds
  8 orc priests
  2 iron imps (Gauntlet)
  2 sleepcaps
  Jessica (D:3)
  5 iguanas
  9 orc wizards
  Robin (D:2)
  15 gnolls
  8 adders
  A white imp (Gauntlet)
  2 ufetubi (D:6)
  5 worms
  5 dart slugs
  59 orcs
  6 ball pythons
  5 bats
  8 endoplasms
  10 giant cockroaches
  8 goblins
  4 hobgoblins
  A jackal (D:1)
  4 quokkas
  A frilled lizard (D:1)
  20 kobolds
  7 rats
  A butterfly (Lair:3)
546 creatures vanquished.

Vanquished Creatures (others)
  2 hell hounds (Lair:5)
  A kobold (D:9)
3 creatures vanquished.

Grand Total: 549 creatures vanquished

Notes
Turn   | Place    | Note
-------+----------+-------------------------------------------
     0 | D:1      | avis the Felid Shapeshifter began the quest for the Orb.
     0 | D:1      | Reached XP level 1. HP: 9/9 MP: 2/2
   362 | D:1      | Reached XP level 2. HP: 9/13 MP: 3/3
   874 | D:1      | Found a hide-covered altar of Uskayaw.
  1070 | D:2      | Reached XP level 3. HP: 14/16 MP: 4/4
  1194 | D:2      | Reached XP level 4. HP: 19/21 MP: 5/5
  1504 | D:2      | Learned a level 3 spell: Ozocubu's Armour
  2053 | D:2      | Slain by a worm
  2464 | D:3      | Found a broken altar of Ashenzari.
  2537 | D:3      | Noticed Grinder
  2546 | D:3      | Paralysed by Grinder for 2 turns
  2555 | D:3      | Killed Grinder
  2556 | D:3      | Reached skill level 1 in Spellcasting
  2556 | D:3      | Reached skill level 4 in Shapeshifting
  2556 | D:3      | Reached XP level 5. HP: 12/24 MP: 5/7
  2556 | D:3      | Gained mutation: You are covered in thick fur. (AC +2)
                  | [Felid growth]
  2556 | D:3      | Reached XP level 6. HP: 14/28 MP: 5/8
  2837 | D:3      | Noticed Jessica
  2852 | D:3      | Killed Jessica
  3016 | D:3      | Noticed Robin
  3042 | D:2      | Killed Robin
  3309 | D:4      | Reached skill level 5 in Shapeshifting
  3401 | D:4      | Noticed Eustachio
  3561 | D:4      | Reached XP level 7. HP: 8/31 MP: 9/9
  3763 | D:3      | Killed Eustachio
  3764 | D:3      | Reached skill level 6 in Shapeshifting
  4414 | D:4      | Found a staircase to the Ecumenical Temple.
  4428 | Temple   | Entered the Ecumenical Temple
  4443 | Temple   | Became a worshipper of Gozag Ym Sagoz the Greedy
  4671 | D:4      | Found Ihilokk's Jewellery Shop.
  4693 | D:5      | Entered Level 5 of the Dungeon
  4753 | D:5      | Found a stormy altar of Qazlal.
  5267 | D:5      | Reached skill level 7 in Shapeshifting
  5520 | D:6      | Found Isaikh's Magic Scroll Shoppe.
  5853 | D:6      | Reached XP level 8. HP: 20/36 MP: 10/10
  5889 | D:6      | Mangled by a wight
  6117 | D:6      | Found a shadowy altar of Dithmenos.
  6291 | D:6      | Noticed a two-headed ogre
  6336 | D:6      | Slain by a wight
  6454 | D:6      | Found a glowing silver altar of Zin.
  6679 | D:6      | Noticed a hornet
  6689 | D:6      | Killed a hornet
  6854 | D:6      | Killed a two-headed ogre
  6855 | D:6      | Reached skill level 9 in Shapeshifting
  6855 | D:6      | Reached XP level 9. HP: 8/39 MP: 8/13
  7915 | D:6      | Reached skill level 10 in Shapeshifting
  7982 | D:6      | Reached skill level 5 in Ice Magic
  8018 | D:7      | Noticed a kobold demonologist
  8033 | D:7      | Noticed an ice devil
  8035 | D:7      | Noticed a rust devil
  8120 | D:6      | Killed a kobold demonologist
  8121 | D:6      | Reached skill level 5 in Fighting
  8135 | D:7      | Noticed a kobold demonologist
  8143 | D:7      | Noticed a rust devil
  8144 | D:7      | Noticed a red devil
  8150 | D:6      | Noticed an orange demon
  8153 | D:6      | Noticed a hellwing
  8154 | D:6      | Noticed an ice devil
  8154 | D:6      | Killed a kobold demonologist
  8561 | D:7      | Reached XP level 10. HP: 22/43 MP: 8/14
  8750 | D:7      | Reached skill level 5 in Unarmed Combat
  9233 | D:7      | Reached skill level 10 in Dodging
  9761 | D:8      | Noticed a two-headed ogre
 10287 | D:8      | Killed a two-headed ogre
 10877 | D:9      | Reached skill level 11 in Shapeshifting
 11005 | D:9      | Noticed a two-headed ogre
 11170 | D:9      | Killed a two-headed ogre
 11424 | D:9      | Noticed a two-headed ogre
 11432 | D:9      | Killed a two-headed ogre
 11433 | D:9      | Reached XP level 11. HP: 17/47 MP: 13/16
 11738 | D:9      | Reached skill level 12 in Shapeshifting
 11947 | D:9      | Found a staircase to the Lair.
 12263 | Lair:1   | Entered Level 1 of the Lair of Beasts
 13893 | D:6      | Bought a scroll of teleportation for 39 gold pieces
 13893 | D:6      | Bought a scroll of fear for 52 gold pieces
 13893 | D:6      | Bought a scroll of amnesia for 52 gold pieces
 13893 | D:6      | Bought a scroll of noise for 13 gold pieces
 13893 | D:6      | Bought a scroll of identify for 26 gold pieces
 13893 | D:6      | Bought a scroll of identify for 26 gold pieces
 13893 | D:6      | Bought 2 scrolls of identify for 52 gold pieces
 13893 | D:6      | Bought a scroll of identify for 26 gold pieces
 13893 | D:6      | Bought a scroll of identify for 26 gold pieces
 14146 | Lair:1   | Bought a potion of curing for 39 gold pieces
 14146 | Lair:1   | Bought a potion of curing for 39 gold pieces
 14146 | Lair:1   | Bought 2 potions of resistance for 260 gold pieces
 14213 | Lair:2   | Noticed a bog body
 14229 | Lair:2   | Killed a bog body
 14244 | Lair:2   | HP: 1/50 [wolf (9)]
 14394 | Lair:2   | Found a staircase to the Swamp.
 14797 | Lair:2   | Learned a level 2 spell: Wereblood
 14839 | Lair:2   | Noticed Urug
 14840 | Lair:2   | Noticed a four-headed hydra
 15170 | Lair:2   | Reached skill level 1 in Transmutations
 15170 | Lair:2   | Gained mutation: Your thick and shaggy fur keeps you warm.
                  | (AC +3, rC+) [Felid growth]
 15170 | Lair:2   | Reached XP level 12. HP: 51/54 MP: 17/17
 15182 | Lair:2   | Killed a four-headed hydra
 15402 | Lair:2   | Reached skill level 15 in Dodging
 15782 | Lair:2   | Killed Urug
 15891 | Lair:3   | Noticed a five-headed hydra
 15912 | Lair:3   | Killed a five-headed hydra
 16090 | Lair:3   | Found a hole to the Spider Nest.
 16355 | Lair:3   | Noticed a seven-headed hydra
 16446 | Lair:2   | Killed a seven-headed hydra
 16727 | Lair:3   | Reached skill level 13 in Shapeshifting
 16912 | Lair:3   | Noticed a boulder beetle
 16959 | Lair:3   | Killed a boulder beetle
 17137 | Lair:3   | Noticed a four-headed hydra
 17151 | Lair:3   | Killed a four-headed hydra
 17612 | Lair:3   | Reached skill level 14 in Shapeshifting
 18513 | Lair:3   | Reached skill level 5 in Spellcasting
 18513 | Lair:3   | Reached XP level 13. HP: 55/59 MP: 21/21
 18893 | Lair:4   | Identified a scroll of acquirement
 18893 | Lair:4   | Acquired a manual of Fighting
 18926 | Lair:4   | Found a gate leading to a gauntlet.
 18940 | Gauntlet | Entered a Gauntlet
 18940 | Gauntlet | Found a transporter.
 18940 | Gauntlet | Found a transporter.
 18940 | Gauntlet | Found a transporter.
 18960 | Gauntlet | Found a transporter.
 18960 | Gauntlet | Found a transporter.
 18974 | Gauntlet | Found a transporter.
 18978 | Gauntlet | Found a transporter.
 18983 | Gauntlet | Found the +0 pair of fencer's gloves {Riposte Dex+3}
 18983 | Gauntlet | Noticed a blizzard demon
 18992 | Gauntlet | Found a transporter.
 19066 | Gauntlet | Found a transporter.
 19084 | Gauntlet | Found a transporter.
 19085 | Gauntlet | Found a transporter.
 19091 | Gauntlet | Noticed a cacodemon
 19098 | Gauntlet | Found a transporter.
 19663 | Gauntlet | Killed a blizzard demon
 19680 | Gauntlet | Identified the ring "Jobir" {Fire Will+}
 19826 | Gauntlet | Identified the ring of the Invisible Hand {rElec rPois
                  | Will+ AC+4 Dex-3}
 19826 | Gauntlet | Noticed a minotaur
 19836 | Gauntlet | Killed a minotaur
 19837 | Gauntlet | Reached skill level 10 in Fighting
 19842 | Gauntlet | Got the Book of Spooky Action and Spellbinding
 22217 | Lair:5   | Entered Level 5 of the Lair of Beasts
 22753 | Lair:4   | Reached skill level 10 in Unarmed Combat
 23168 | Lair:5   | Found a large runed translucent door.
 23512 | Lair:5   | Found a large runed translucent door.
 23538 | Lair:5   | Reached XP level 14. HP: 34/69 MP: 18/22
 24245 | Lair:5   | Found a staircase to the Slime Pits.
 24776 | D:10     | Entered Level 10 of the Dungeon
 25049 | D:10     | Mangled by a two-headed ogre
 25062 | D:10     | Reached skill level 15 in Fighting
 25769 | D:10     | Found a bloodstained altar of Trog.
 25857 | D:10     | Found a runed translucent door.
 25859 | D:10     | Found a runed translucent door.
 26711 | D:11     | Reached skill level 15 in Shapeshifting
 26847 | D:12     | Killed from afar by a meliai
 26848 | D:12     | Found a runed translucent door.
 27421 | D:12     | Found a staircase to the Orcish Mines.
 27462 | D:12     | Identified the +10 trident of the Endless Expanse {vamp,
                  | *Noise rN+ Will+ rCorr}
 27463 | D:12     | Noticed Xidur's ghost (journeyman DEHW)
 27803 | Orc:1    | Entered Level 1 of the Orcish Mines
 27812 | Orc:1    | Noticed Ateuggeph's ghost (journeyman FeSh)
 27812 | Orc:1    | Noticed an orc warlord
 27818 | Orc:1    | Noticed an orc warlord
 27819 | Orc:1    | Found a runed translucent gate.
 27820 | Orc:1    | Found a runed translucent gate.
 27821 | Orc:1    | Found a runed translucent gate.
 27897 | Orc:1    | Noticed Blork the orc
 27910 | Orc:1    | Killed Blork the orc
 28551 | Orc:2    | Entered Level 2 of the Orcish Mines
 28551 | Orc:2    | Noticed Erolcha
 28648 | Orc:2    | Killed Erolcha
 28649 | Orc:2    | Reached skill level 16 in Shapeshifting
 28803 | Orc:2    | Mangled by an orc knight

Illustrated notes

Levels and vault maps discovered:
D:1:      minmay_arrival_stone_box, layout_loops_corners, minivault_23,
          dreamdust_princess_bridge, minmay_hexomino_r4
D:2:      layout_basic, grunt_ministairs_3
D:3:      layout_basic, ashenzari_altar_1, uniq_robin, uniq_jessica,
          uniq_grinder
D:4:      layout_basic, minmay_temple_entry_statues_pillars, serial_shops,
          nicolae_shop_pleasant_corner_grove, uniq_eustachio
D:5:      layout_cave_pools, overflow_temple_1_default
D:6:      layout_loops_ring, zin_treasury, kennysheep_little_box, serial_shops,
          shop, dreamdust_princess_corridor, grunt_tough_drop
D:7:      layout_gridville
D:8:      layout_basic
D:9:      layout_gridville, david_lair_shrubbed
D:10:     lemuel_insect_pit, layout_rooms, roadster_trireme
D:11:     layout_cave_pools
D:12:     layout_rooms, orc_0_dummy, ebering_ghost_funeral_grove
Temple:   hc_temple_tempest_star
Lair:1:   layout_cave_pods, nicolae_quartered_pool_medium
Lair:2:   layout_loops_ring, skrybe_swamp_entry_bodies, uniq_urug
Lair:3:   beast_lair_carwin_large_2, layout_hall_layers,
          nicolae_spider_entry_non_spiders, lemuel_fruit_fields,
          lemuel_fruit_tree, grunt_megastairs_5
Lair:4:   layout_long_grid, gauntlet_entry_generic,
          eino_small_chamber_without_monster
Lair:5:   cheibrodos_lair_end_hotspot, layout_gridlike,
          dpeg_slime_entry_enclosed, bh_autumn_forest_stairs,
          serial_bayou_shore_a
Orc:1:    layout_caves, gammafunk_ghost_split, sword_in_stone
Orc:2:    grunt_orc_tribal_feast, layout_diamond_mine, serial_shops, shop,
          nicolae_orc_lava_tube, mines1_david, uniq_snorg, uniq_nessos,
          uniq_jorgrun, uniq_erolcha

Skill      XL: |  1  2  3  4  5  6  7  8  9 10 11 12 13 14 |
---------------+-------------------------------------------+-----
Fighting       | 2 3 4 5 7 8 12 15 | 15.0
Dodging        | 3 4 6 9 12 14 15 | 15.0
Spellcasting   | 1 2 3 5 |  5.0
Ice Magic      | 2 3 4 5 6 7 |  7.0
Shapeshifting  | 4 5 7 9 10 11 12 14 16 | 16.0
Unarmed Combat | 4 5 10 | 10.0
Transmutations | 1 2 |  2.0

Action                     |  1- 3 |  4- 6 |  7- 9 | 10-12 | 13-15 || total
---------------------------+-------+-------+-------+-------+-------++-------
  Melee: Unarmed           |    81 |   151 |   369 |   749 |   843 ||  2193
         Bite              |     6 |    11 |    49 |   119 |   112 ||   297
         Punch             |     1 |     6 |     1 |    40 |    59 ||   107
   Cast: Ozocubu's Armour  |       |       |    37 |    93 |   110 ||   240
         Wereblood         |       |       |       |     4 |    28 ||    32
 Invoke: Call Merchant     |       |       |       |     1 |     1 ||     2
  Evoke: Wand              |       |       |     2 |    15 |    11 ||    28
    Use: Potion            |       |     1 |     1 |     6 |     9 ||    17
         Scroll            |       |     4 |       |    12 |     8 ||    24
   Stab: Sleeping          |     4 |     5 |       |     3 |     1 ||    13
         Distracted        |       |       |       |     1 |     3 ||     4
 Armour: Skin              |    25 |    34 |   115 |   224 |   339 ||   737
  Dodge: Dodged            |    59 |    99 |   377 |  1053 |   988 ||  2576
   Form: Flux              |       |       |     1 |       |       ||     1
         Blade             |       |       |     1 |       |       ||     1

Table legend: (Time is in decaauts)
 A = Elapsed time spent in this place.
 B = Non-inter-level travel time spent in this place.
 C = Inter-level travel time spent in this place.
 D = Time resting spent in this place.
 E = Time spent auto-exploring this place.
 F = Levels seen in this place.
 G = Mean time per level.
                   A        B        C        D        E       F      G
               +--------+--------+--------+--------+--------+-----+--------+
         Total |  25780 |  23949 |   1831 |   9131 |   7410 |  21 | 1227.6 |
       Dungeon |  14293 |  12947 |   1346 |   4299 |   4931 |  12 | 1191.1 |
        Temple |     32 |      8 |     24 |      0 |      0 |   1 |   32.0 |
          Lair |   9867 |   9422 |    445 |   4137 |   2296 |   5 | 1973.4 |
  Orcish Mines |    690 |    676 |     14 |    150 |    182 |   2 |  345.0 |
      Gauntlet |    895 |    895 |      0 |    545 |      0 |   1 |  895.0 |
               +--------+--------+--------+--------+--------+-----+--------+

Top non-repeatable levels by time:
  Lair:3: 2936 daAuts
     D:6: 2572 daAuts
  Lair:2: 2475 daAuts
     D:9: 1764 daAuts
  Lair:5: 1734 daAuts
  Lair:4: 1550 daAuts
     D:4: 1317 daAuts
     D:7: 1255 daAuts
     D:8: 1192 daAuts
  Lair:1: 1170 daAuts
    D:12: 1091 daAuts
     D:1: 1068 daAuts
    D:10: 1008 daAuts
     D:3: 913 daAuts
     D:2: 901 daAuts
